 Dungeon Crawl Stone Soup version 0.29.1-1-gd02db6906a (webtiles) character file.

Game seed: 989692047070993879

114 LustLizard the Slasher (level 5, -4/41 HPs)
             Began as a Human Monk on Oct 21, 2022.
             Killed by divine providence
             ... invoked by an orc priest
              (13 damage)
             ... on level 3 of the Dungeon.
             The game lasted 00:04:30 (3299 turns).

LustLizard the Slasher (Human Monk)                 Turns: 3299, Time: 00:04:31

Health: -4/41      AC:  6    Str: 11    XL:     5   Next: 18%
Magic:  14/14      EV: 11    Int: 10    God:
Gold:   72         SH:  0    Dex: 18    Spells: 4/4 levels left

rFire   . . .      SeeInvis .   p - +0 long sword
rCold   . . .      Faith    .   (no shield)
rNeg    . . .      Spirit   .   t - +0 ring mail
rPois   .          Reflect  .   (no helmet)
rElec   .          Harm     .   (no cloak)
rCorr   .          Rampage  .   l - +0 pair of gloves
Will    .....                   (no boots)
Stlth   ++........              v - amulet of the acrobat
HPRegen 0.13/turn               u - ring of magical power
MPRegen 0.14/turn               (no ring)

@: no status effects
A: no striking features
a: no special abilities


You were on level 3 of the Dungeon.
You visited 1 branch of the dungeon, and saw 3 of its levels.

You collected 100 gold pieces.
You spent 28 gold pieces at shops.

Inventory:

Hand Weapons
 a - a +0 falchion
 p - a +0 long sword (weapon)
Missiles
 d - 5 poisoned darts
 k - 12 stones (quivered)
 q - 8 boomerangs
Armour
 b - a +0 robe
 l - a +0 pair of gloves (worn)
 n - a +0 leather armour
 t - a +0 ring mail (worn)
Jewellery
 u - a ring of magical power (left hand)
 v - an amulet of the acrobat (around neck)
Scrolls
 i - a scroll of enchant weapon {unknown}
 m - a scroll of immolation {unknown}
 r - a scroll of fear {unknown}
 s - a scroll of silence {unknown}
 w - a scroll of blinking {unknown}
Potions
 c - a potion of ambrosia
 e - a potion of berserk rage
 f - 3 potions of flight
 g - a potion of might {unknown}
 h - 3 potions of curing {unknown}
 j - 2 potions of degeneration
 o - a potion of heal wounds {unknown}


   Skills:
 + Level 3.5 Fighting
 * Level 4.2 Long Blades
 * Level 2.5 Throwing
 - Level 3.0 Dodging
 - Level 2.0 Stealth


You had 4 spell levels left.
You didn't know any spells.
Your spell library was empty.

Dungeon Overview and Level Annotations

Branches:
Dungeon (3/15)

Altars:
Okawaru
Zin

Shops:
D:1 *


Message History

Magic restored.
A hobgoblin comes into view.
Found a scroll labelled QEGAUM ZAINO.
The hobgoblin shouts!
You hit the hobgoblin but do no damage. The hobgoblin completely misses you.
You hit the hobgoblin.
The hobgoblin is heavily wounded.
The hobgoblin hits you but does no damage.
You hit the hobgoblin.
The hobgoblin is almost dead.
The hobgoblin misses you.
You hit the hobgoblin.
You kill the hobgoblin!
You see here a hobgoblin corpse.
w - a scroll labelled QEGAUM ZAINO A ball python comes into view.
Found 12 gold pieces.
Found a crystal hand axe and a +0 dagger.
Found an iron altar of Okawaru.
Found a mace.
The orc priest shouts!
The orc priest casts a cantrip, but nothing happens.
You slash the ball python!
You kill the ball python!
The orc priest miscasts a cantrip. x2
You start resting.
An orc priest is nearby!
You barely miss the orc priest. The orc priest closely misses you.
You closely miss the orc priest.
The orc priest invokes the aid of Beogh against you.
Beogh smites you!
* * * LOW HITPOINT WARNING * * *
You slash the orc priest!
The orc priest is heavily wounded.
The orc priest hits you but does no damage.
You barely miss the orc priest.
The orc priest is heavily wounded.
The orc priest invokes the aid of Beogh against you.
Beogh smites you!
You die...

.. ...###.. ..# ...
....... ...## # ....
#.).).# .... #
.....##.._.$##..# #
.........#o .).#...## #
#.^........ .......##
#####.....#....###........
................#....#
...............o@....#
...........#.........#
.†.........#####..##.#
....##...## ##...# .#
#.........####....##.#
........#..........# #
#####.#..........#.#
.....##########...
.......## ##.#


You could see an orc priest.

Vanquished Creatures
  An orc wizard (D:2)
  An adder (D:2)
  A worm (D:2)
  2 dart slugs (D:1)
  8 orcs
  9 bats
  3 endoplasms
  3 giant cockroaches
  5 goblins
  9 hobgoblins
  3 jackals (D:1)
  2 kobolds (D:2)
  3 ball pythons
  2 frilled lizards
  7 rats
59 creatures vanquished.

Notes
Turn   | Place    | Note
-------+----------+-------------------------------------------
     0 | D:1      | LustLizard the Human Monk began the quest for the Orb.
     0 | D:1      | Reached XP level 1. HP: 18/18 MP: 1/1
   103 | D:1      | Reached XP level 2. HP: 20/24 MP: 2/2
   152 | D:1      | Found Xaxeas's General Store.
   321 | D:1      | Reached skill level 1 in Throwing
   347 | D:1      | Reached XP level 3. HP: 9/29 MP: 3/3
  1269 | D:1      | Bought a scroll of identify for 28 gold pieces
  1930 | D:2      | Found a faded altar of an unknown god.
  1942 | D:2      | Reached XP level 4. HP: 10/35 MP: 4/4
  2588 | D:2      | Reached skill level 4 in Long Blades
  2876 | D:2      | Reached XP level 5. HP: 13/41 MP: 5/5
  3127 | D:3      | Found a glowing silver altar of Zin.
  3281 | D:3      | Found an iron altar of Okawaru.
  3299 | D:3      | Killed from afar by an orc priest

Illustrated notes

Levels and vault maps discovered:
D:1:      lightli_arrival_quake, layout_loops_cross, serial_shops,
          nicolae_shop_trees, minmay_ruptured
D:2:      layout_loops_corners, hellmonk_ecumenical_altar_heavens_door
D:3:      layout_rooms, okawaru_ov_weapons_minmay, mainiacjoe_overflow_chevrons,
          portal_sewer_entry_c, serial_shops, nicolae_shop_advertising_works
          [nicolae_subvault_shop_adworks]

Skill      XL: |  1  2  3  4 |
---------------+-------------+-----
Throwing       | 1 2 |  2.5
Long Blades    | 4 |  4.2
Fighting       | |  3.5
Dodging        | |  3.0
Stealth        | |  2.0

Action                   |  1- 3 |  4- 6 || total
-------------------------+-------+-------++-------
Melee: Falchion          |    87 |       ||    87
       Long sword        |    25 |    71 ||    96
Throw: Stone             |       |     4 ||     4
  Use: Scroll            |     3 |       ||     3
 Stab: Sleeping          |     5 |     1 ||     6
Armor: Robe              |    20 |       ||    20
       Leather armour    |    13 |    21 ||    34
       Ring mail         |       |    13 ||    13
Dodge: Dodged            |    73 |    58 ||   131
